[Event "15th Chennai GM Open 2025"]
[Site "Chennai"]
[Date "2025.01.07"]
[Round "8.11"]
[White "Dhananjay S"]
[Black "Slizhevsky, Alexander"]
[Result "0-1"]
[ECO "A29"]
[WhiteElo "2270"]
[BlackElo "2340"]
[Annotator "TA"]
[PlyCount "96"]
[EventDate "2025.01.02"]
[EventType "swiss"]
[EventCountry "IND"]
[SourceTitle "playchess.com"]
[Source "ChessBase"]
[SourceQuality "1"]
[TimeControl "5400+30"]

1. c4 e5 2. Nc3 Nf6 3. Nf3 Nc6 4. g3 d5 5. cxd5 Nxd5 6. Bg2 Nb6 7. O-O Be7 8. b3 O-O 9. Bb2 Re8 10. Rc1 Bf8 11. Ne4 a5 12. Nc5 (12. Rxc6 {is interesting.} bxc6 13. Nxe5 Bb7 14. Qc2) 12... a4 13. Nxa4 Nxa4 14. bxa4 e4 15. Ne1 Qd5 16. Qc2 Bf5 17. Qc3 (17. d3 $11) 17... Rxa4 $15 18. Nc2 Rxa2 19. Ne3 Qb5 20. Rb1 Bc8 $36 {[%emt 0:03:46][%mdl 2048] Black is pushing.} 21. f3 (21. d3 $11 {keeps the balance.}) 21... Qc5 {[%emt 0:04:50] Black is more active.} (21... Qxe2 22. fxe4 Qb5 23. Kh1 $15) (21... Re5 $17 {and ...Rc5 would now be decisive} 22. Ba1 Qxe2) 22. fxe4 $11 Qxc3 23. Bxc3 Bc5 24. Kf2 Nd4 25. Ke1 (25. Rfd1 $11) 25... c6 $15 26. Ra1 (26. e5 $15) 26... Rxa1+ $17 27. Bxa1 Be6 ({Black should try} 27... Nb3 $17 28. Nc2 Nxa1 29. Nxa1 b5) 28. Bb2 g6 29. Kf2 Rd8 30. Bc3 (30. Rb1 $17) 30... Nb5 31. Kf3 Nxc3 32. dxc3 h5 33. Ra1 Kg7 34. h3 Rd2 35. Rb1 b6 36. g4 (36. h4) 36... hxg4+ $19 37. hxg4 Ra2 38. Rd1 (38. Rc1 {was worth a try.}) 38... Kf6 39. Rd3 (39. Bh3 $142) 39... b5 40. Kf4 g5+ ({And not} 40... Rxe2 41. e5+ Kg7 42. Bxc6 $15) 41. Kf3 Ke5 42. Bf1 Ra4 43. Nf5 Rxe4 44. e3 {[%emt 0:00:01] Repels Rf4+} Rxg4 45. Nd4 (45. Kxg4 $142 Bxf5+ 46. Kxg5) 45... Bxd4 46. cxd4+ Kd6 47. Ra3 Rh4 48. Ra6 Bd5+ 0-1

[Event "15th Chennai GM Open 2025"]
[Site "Chennai"]
[Date "2025.01.07"]
[Round "8.12"]
[White "Rios Gomez, Cristhian Camilo"]
[Black "Sri Sai Baswanth P"]
[Result "1-0"]
[ECO "B45"]
[WhiteElo "2435"]
[BlackElo "2161"]
[Annotator "TA"]
[PlyCount "115"]
[EventDate "2025.01.02"]
[EventType "swiss"]
[EventCountry "IND"]
[SourceTitle "playchess.com"]
[Source "ChessBase"]
[SourceQuality "1"]
[TimeControl "5400+30"]

1. e4 c5 2. Nf3 e6 3. d4 cxd4 4. Nxd4 Nf6 5. Nc3 Nc6 6. Ndb5 Bc5 7. Bf4 O-O {[%emt 0:00:07] B45: Sicilian Four Knights.} 8. Bc7 Qe7 9. Bd6 $1 Bxd6 10. Qxd6 Qd8 11. O-O-O (11. Nc7 $5 Rb8 12. Rd1 $14) 11... a6 12. Nd4 $1 Ne7 13. a4 Ne8 14. Qb4 Rb8 $146 ({Predecessor:} 14... d6 15. e5 d5 16. Bd3 a5 17. Qa3 Nc7 18. f4 Nc6 19. Ncb5 Nxd4 20. Nxd4 Bd7 {½-½ Chen,Q (2481)-Wan,Y (2498) CHN-chT Div-A 2024 (9.1)}) 15. Bc4 ({Of course not} 15. Bxa6 e5 16. Nf3 Nc6 $11 (16... bxa6 $2 17. Qxb8 Nc6 18. Qa8 $18)) (15. h4 $14) 15... d6 16. f4 Bd7 17. e5 Nc6 18. Nxc6 bxc6 19. Qa3 d5 20. Bd3 $1 (20. Bxa6 Qa5 21. Bd3 c5 $15) 20... f5 {[%emt 0:23:21] [#]} (20... Qb6 $1 $11) 21. a5 $1 $16 ({Weaker is} 21. Bxa6 Qa5 22. Be2 Rb4 $15) 21... Nc7 22. Na4 c5 23. Nxc5 Qe7 24. Nxd7 Qxd7 25. Qd6 Qxd6 26. exd6 Nb5 27. Rhe1 Kf7 28. d7 Nd6 29. Re5 Rfd8 30. Rde1 ({Much worse is} 30. Bxa6 $6 Ra8 31. Bd3 Rxa5 $11) 30... Ne4 31. Bxe4 dxe4 32. Rd1 Rb7 33. c3 Rbxd7 34. Rxd7+ Rxd7 35. b4 Ke7 36. g4 g6 37. gxf5 gxf5 38. b5 axb5 39. Rxb5 Rd6 40. Kc2 Kd7 41. Rb7+ Kc8 42. Rxh7 Ra6 43. h4 Rxa5 44. h5 Ra2+ 45. Kd1 Rh2 {[%emt 0:02:47] [#]} (45... e5 $11 {keeps the balance.} 46. fxe5 Rh2) 46. h6 $1 $16 Kb8 $2 (46... e3 $16 {was called for.}) 47. c4 $18 Kc8 $2 (47... Rh1+ 48. Ke2 Rh2+ 49. Ke3 Rh3+ 50. Kd4 Rd3+ 51. Kc5 Rh3) 48. c5 $18 e3 49. Rh8+ Kc7 50. h7 Kb7 51. c6+ Kxc6 52. Rc8+ Kd5 53. h8=Q Rxh8 54. Rxh8 Ke4 55. Re8 Kxf4 56. Rxe6 Kf3 57. Ke1 f4 58. Re8 1-0

[Event "15th Chennai GM Open 2025"]
[Site "Chennai"]
[Date "2025.01.07"]
[Round "8.13"]
[White "Vignesh B"]
[Black "Fedorov, Alexei"]
[Result "0-1"]
[ECO "B30"]
[WhiteElo "2135"]
[BlackElo "2409"]
[Annotator "TA"]
[PlyCount "67"]
[EventDate "2025.01.02"]
[EventType "swiss"]
[EventCountry "IND"]
[SourceTitle "playchess.com"]
[Source "ChessBase"]
[SourceQuality "1"]
[TimeControl "5400+30"]

1. e4 c5 2. Nf3 Nc6 3. Bb5 e6 4. O-O Nge7 5. Re1 b6 ({Black should play} 5... a6 $11 6. Bf1 d5) 6. c3 $14 a6 7. Bf1 (7. Ba4 $14 {might be stronger.}) 7... d5 $11 8. exd5 {[%emt 0:25:20] White has an edge.} Nxd5 9. d4 cxd4 10. Nxd4 Bb7 11. Bc4 ({White should try} 11. Nxc6 $11 Bxc6 12. Nd2) 11... Nxd4 $15 12. Qxd4 Bc5 13. Qe4 (13. Qxg7 Qh4 (13... Bxf2+ 14. Kf1 $14) 14. Qg3 (14. Qxh8+ $2 Kd7 $19) 14... Qxc4 $17) 13... Qf6 14. Qe2 Rd8 {[%emt 0:06:23] Black is more active.} 15. b4 $2 (15. Na3 $17) 15... Nxb4 $19 (15... Nxc3 16. Nxc3 Bxb4 17. Bb5+ (17. Bxa6 Bxa6 18. Qxa6 O-O $11) (17. Qh5 O-O $17) 17... Kf8 (17... axb5 $2 18. Qxb5+ Rd7 19. Qxb4 $18) 18. Rd1 Rxd1+ (18... Bxc3 19. Rxd8+ Qxd8 20. Ba3+ Kg8 21. Rd1 $11) (18... axb5 19. Bb2 $15) 19. Qxd1 axb5 (19... Bxc3 20. Qd6+ Qe7 21. Qb8+) (19... Bc5 $2 20. Be3 $18) 20. Nxb5 $17) 16. cxb4 {[%emt 0:17:56] [#]} Bd4 (16... Qxa1 $2 17. Bb2 $18 (17. Bxa6 $2 Bxa6 18. Qxa6 Bd4 $19) (17. Bxa6 $2 Bxa6 18. Qxa6 Bd4 $19)) 17. Be3 Bxe3 ({Resist} 17... Bxa1 18. Bxb6 Rd7 19. b5 $19) 18. Na3 Bd4 19. Rad1 Qg5 $40 {[%emt 0:08:31][%mdl 128] White is in trouble.} 20. Qf1 {[%emt 0:00:44] White is weak on the dark squares} b5 21. Bb3 (21. Bxb5+ $142 axb5 22. Qxb5+ Qxb5 23. Nxb5) 21... O-O 22. Nc2 Bc3 23. Rxd8 Rxd8 ({Don't play} 23... Qxd8 24. Rd1 Qc7 25. h3 $19) 24. Rb1 Rd2 25. Ne3 Bxb4 {[%emt 0:02:45] A strong pair of Bishops.} ({But not} 25... Bd4 26. Re1 $19) 26. Rd1 h5 27. Rxd2 Bxd2 28. Nd1 (28. Qe2 Bc1 29. h3) 28... h4 {[%emt 0:00:34] Black is clearly winning.} 29. h3 g6 30. Nb2 Bc3 31. Nd3 a5 32. Bd1 a4 {[%emt 0:00:24] [#] And now ...Bd5 would win.} 33. Bg4 Bd5 34. Qb1 {[%emt 0:01:17] Black took control after the opening.   Weighted Error Value: White=0.44/Black=0.12 (very precise) .  Mistake:       	White=5     	---        Inaccurate:     	White=2     	---        OK:         	White=9     	Black=15     Best:        	White=1     	Black=1} 0-1

[Event "15th Chennai GM Open 2025"]
[Site "Chennai"]
[Date "2025.01.07"]
[Round "8.14"]
[White "Sathvik Adiga"]
[Black "Sneha Halder"]
[Result "1/2-1/2"]
[ECO "C42"]
[WhiteElo "2395"]
[BlackElo "2105"]
[Annotator "TA"]
[PlyCount "164"]
[EventDate "2025.01.02"]
[EventType "swiss"]
[EventCountry "IND"]
[SourceTitle "playchess.com"]
[Source "ChessBase"]
[SourceQuality "1"]
[TimeControl "5400+30"]

1. e4 e5 2. Nf3 Nf6 3. Nxe5 d6 4. Nf3 Nxe4 5. Nc3 Nxc3 6. dxc3 Be7 7. Be3 Nc6 8. Qd2 Be6 9. O-O-O a6 10. h4 Qd7 11. a3 O-O-O 12. Ng5 {[%emt 0:01:41] White is slightly better.} Ne5 13. Qd4 Nc6 {[%emt 0:18:12] Repels Qa7} 14. Qf4 (14. Qxg7 $2 Rdg8 $19) 14... Ne5 15. Nxe6 Qxe6 16. Kb1 Qg4 {[%emt 0:01:08] Repels g3} 17. f3 Qxf4 18. Bxf4 Bf6 19. h5 h6 20. Rh3 Rhe8 21. Bc1 Nd7 22. g4 Nc5 23. Bc4 (23. c4 $14 {should be considered.}) 23... Re7 24. f4 {[%emt 0:03:44] Hoping for g5.} c6 (24... Ne4 $14) 25. g5 $16 hxg5 26. fxg5 Be5 27. h6 d5 28. Be2 Ne4 29. Be3 {[%emt 0:02:34] Wards off Nf2} Kc7 30. Bg4 {[%emt 0:03:38] This pair of bishops is nice.} (30. h7 $142 Rh8 31. Rf1) 30... Rh8 31. Kc1 ({Don't play} 31. hxg7 Bxg7 32. Rdh1 Rxh3 33. Rxh3 Be5 $14) (31. Rg1 $16) 31... Nd6 {[%emt 0:01:40] Against Bf5} (31... gxh6 $11 32. gxh6 Ng3) 32. Kb1 {[%emt 0:01:16] White is more active.} (32. Rf1 $16) 32... gxh6 $11 33. gxh6 f5 $1 34. Bf3 f4 35. Bc1 Ne4 {[%emt 0:01:43] aiming for ...Nf2.} 36. Rh5 {[%emt 0:01:32][%cal Oh5e5] Threatens to win with Rxe5!} Bd6 {[%emt 0:01:02] [#]} 37. c4 $1 dxc4 38. Rh2 Ng5 39. Bg4 Nf7 40. h7 ({White should play} 40. Rdh1 $1 $11) 40... Ne5 $2 (40... f3 $1 $15 {stays ahead.} 41. Rh3 f2) 41. Bf5 $16 {[%emt 0:00:07][%mdl 1024] White has strong compensation.} ({But not} 41. Bxf4 $6 Rhxh7 42. Re2 c3 $15) 41... Rf7 42. Be4 (42. Rh5 $16 Nd7 43. Bd2 (43. Rxd6 Kxd6 44. Bxf4+ Ke7 $11)) 42... f3 ({Better is} 42... Ng4 $11 43. Rh4 Nf6) 43. Rf1 $2 (43. Rh4 $1 $14 {keeps the upper hand.}) 43... Nd7 $2 (43... Ng4 $1 $17 {[%cal Rg4h2] keeps the pressure on.} 44. Rh3 f2) 44. Rh3 f2 45. Be3 (45. Bd2 $1 $16) 45... Bc5 $1 $15 46. Kc1 $2 ({White should try} 46. Bd2 $15 Bd4 47. c3) 46... Bxe3+ (46... Re7 $1 $19 {[%cal Re7e4] is more deadly.} 47. Bxf2 Rxe4 48. Bxc5 Nxc5) 47. Rxe3 $17 Re7 48. Kd2 Nf6 49. Bg6 Rxe3 (49... Rg7 {is more complex.} 50. Rxf2 Rxg6 51. Re6 Rd8+) 50. Kxe3 Nxh7 (50... b5 {feels hotter.} 51. a4 Nxh7 52. Rxf2 Ng5) 51. Rxf2 {[%emt 0:00:04][%mdl 4096] Endgame. KRB-KRN} Ng5 {[%emt 0:00:04] Repels Rf7+} 52. Rf6 Rh4 53. Bf5 Kb6 $1 54. Rf8 Kc5 55. Bc8 {[%emt 0:00:09] [#]} Ne4 (55... Re4+ $1 $17 56. Kd2 Kb6) 56. Bxb7 $11 Nd6 {[%emt 0:00:02] Repels Rc8} 57. Bxa6 Rh3+ 58. Kf4 (58. Kd2 $11 {keeps the balance.}) 58... Rh2 $17 {[%emt 0:00:29] Strongly threatening ...Rf2+.} 59. Rb8 Rxc2 60. Ke5 Re2+ 61. Kf6 $2 {[%emt 0:00:05] [#]} (61. Kf4 $17) 61... Re8 $2 (61... Nb5 $1 $19 62. a4 Nc7 63. b4+ Kd4 64. Bxc4 Kxc4) 62. Rxe8 $11 Nxe8+ {[%emt 0:00:00] KB-KN} 63. Ke7 Nc7 64. Bb7 Nd5+ 65. Kd7 Nb6+ 66. Kc7 Na4 67. Bxc6 Nxb2 {[%emt 0:00:02] ( -> ...Kd4)} 68. Be4 Nd3 {[%emt 0:01:06] White must now prevent ...Kd4.} 69. a4 Kb4 70. Kc6 Kxa4 71. Kd5 Kb4 72. Kd4 {[%emt 0:00:09] The position is equal.} Nc1 73. Bc2 Nb3+ 74. Kd5 c3 75. Bd1 Na5 76. Kd4 Nc4 77. Bc2 Nb2 78. Kd5 Nc4 79. Kd4 {[%emt 0:00:01] Dodges Ne3} Na3 80. Kd3 Nb5 81. Bd1 Na3 82. Bc2 Nc4 {[%emt 0:00:46] Weighted Error Value: White=0.32/Black=0.27 (precise) .  Loses game:     	White=2     	---        Missed win:     	---       	Black=1      Mistake:       	White=9     	Black=7      Inaccurate:     	White=5     	Black=7      OK:         	White=26    	Black=25     Best:        	White=8     	Black=6      Strong:       	---       	Black=3} 1/2-1/2

[Event "15th Chennai GM Open 2025"]
[Site "Chennai"]
[Date "2025.01.07"]
[Round "8.15"]
[White "Rosh Jain"]
[Black "Setumadhav Yellumahanthi"]
[Result "1/2-1/2"]
[ECO "C41"]
[WhiteElo "2071"]
[BlackElo "2334"]
[Annotator "TA"]
[PlyCount "80"]
[EventDate "2025.01.02"]
[EventType "swiss"]
[EventCountry "IND"]
[SourceTitle "playchess.com"]
[Source "ChessBase"]
[SourceQuality "1"]
[TimeControl "5400+30"]

1. e4 d6 2. d4 Nf6 3. Nc3 e5 4. Nf3 Nbd7 5. Bc4 Be7 6. O-O O-O 7. a4 c6 8. h3 h6 9. Re1 Re8 10. a5 Rb8 11. Be3 b5 12. axb6 axb6 13. d5 Bb7 14. Ra7 Qc8 15. dxc6 Bxc6 16. Qd3 Ra8 17. Rea1 Rxa7 18. Rxa7 Qb8 19. Ra2 Nc5 20. Bxc5 dxc5 21. Bb5 Rd8 22. Qc4 Bb7 23. Ra1 g6 24. Ba4 Bf8 25. Bb3 Rd7 26. Rd1 Re7 27. Qb5 Qc7 28. Nd5 (28. Bd5 $14) 28... Bxd5 $11 29. Bxd5 Rd7 30. c4 Nxe4 31. Nxe5 Rxd5 $1 32. Rxd5 Nf6 {[%emt 0:00:09] Inhibits Qd7.} 33. Nd7 Nxd5 34. cxd5 {[%emt 0:00:05][%cal Ob5c6][%mdl 4096] Endgame KQB-KQN} Qf4 35. g3 Qf5 36. Qc6 Qb1+ 37. Kg2 {[%emt 0:00:56] Black must now prevent Nf6+. Active counter play!} Qe4+ 38. Kh2 {[%emt 0:00:16] Threatening mate with Nf6+.} Qf5 39. Nf6+ (39. Nxb6 $2 {loses.} Qxf2+ 40. Kh1 Qxg3 $19 (40... Qxb2 $2 41. Nd7 $19)) 39... Kg7 40. Ne8+ Kg8 1/2-1/2

[Event "15th Chennai GM Open 2025"]
[Site "Chennai"]
[Date "2025.01.08"]
[Round "9.1"]
[White "Aronyak Ghosh"]
[Black "Iniyan, Pa"]
[Result "1/2-1/2"]
[ECO "E32"]
[WhiteElo "2544"]
[BlackElo "2508"]
[Annotator "TA"]
[PlyCount "39"]
[EventDate "2025.01.02"]
[EventType "swiss"]
[EventCountry "IND"]
[SourceTitle "playchess.com"]
[Source "ChessBase"]
[SourceQuality "1"]
[TimeControl "5400+30"]

1. d4 Nf6 2. c4 e6 3. Nc3 Bb4 4. Qc2 O-O 5. a3 Bxc3+ 6. Qxc3 b6 7. Nf3 Bb7 8. e3 d6 9. Be2 a5 10. b3 Nbd7 11. O-O Ne4 12. Qc2 f5 13. Bb2 Qe7 14. Rad1 c5 15. a4 Ng5 16. Nd2 (16. d5 $142) 16... Ne4 (16... f4 $11 17. Nf3 fxe3 18. fxe3 Rad8) 17. Nf3 Ng5 18. Nd2 (18. Nxg5 $14 Qxg5 19. f3) 18... Ne4 (18... f4 $11) 19. Nf3 Ng5 20. Nd2 1/2-1/2

[Event "15th Chennai GM Open 2025"]
[Site "Chennai"]
[Date "2025.01.08"]
[Round "9.2"]
[White "Siddharth, Jagadeesh"]
[Black "Deepan Chakkravarthy J."]
[Result "0-1"]
[ECO "B47"]
[WhiteElo "2515"]
[BlackElo "2413"]
[Annotator "TA"]
[PlyCount "100"]
[EventDate "2025.01.02"]
[EventType "swiss"]
[EventCountry "IND"]
[SourceTitle "playchess.com"]
[Source "ChessBase"]
[SourceQuality "1"]
[TimeControl "5400+30"]

1. e4 c5 2. Nf3 e6 3. d4 cxd4 4. Nxd4 Nc6 5. Nc3 Qc7 6. Be2 a6 7. Nxc6 {[%emt 0:00:24] B47: Sicilian: Taimanov: 5 Nc3 Qc7 6 f4, 6 g3 and 6 Be2.} Qxc6 8. O-O Qc7 9. Be3 Nf6 10. Qd4 d6 11. Na4 $146 ({Predecessor:} 11. Qd2 Bd7 12. a4 Bc6 13. f3 Be7 14. a5 O-O 15. Bb6 Qb8 16. Na4 Bxa4 17. Rxa4 Nd7 18. Be3 {1-0 Westerhof,F (1897)-Juntermanns,P (1663) Krefeld Christmas op 2024 (6)}) 11... Be7 12. Nb6 Rb8 13. c4 O-O 14. Rfd1 Rd8 15. f3 Nd7 16. Nxd7 Rxd7 17. Qb6 Bd8 18. Qxc7 Bxc7 19. Rd2 Kf8 20. Rad1 Ke7 21. b4 b6 22. a4 Rd8 23. b5 a5 24. f4 Bb7 25. Bf3 f5 26. Rd4 fxe4 27. Bxe4 Bxe4 28. Rxe4 g6 {[%emt 0:07:25] [#]} 29. f5 (29. Kf2 $1 $16) 29... gxf5 $11 30. Bg5+ Kd7 31. Rh4 Rh8 32. Rh6 Rbe8 33. Bf6 Rhg8 34. Rxh7+ Kc8 35. Rd4 Rg6 36. Rf7 e5 37. Rh4 Rxf6 38. Rxf6 Bd8 39. Rhh6 Bxf6 40. Rxf6 Kd7 41. c5 $2 (41. h4 $11 {and White is okay.}) 41... bxc5 $19 ({Don't do} 41... dxc5 42. Rxb6 c4 43. Rg6 $17) 42. Rxf5 {[%emt 0:00:01] [#]} (42. Kf2 $17) 42... Ke6 $1 $19 43. Rf1 $2 (43. Rh5 {was worth a try.}) 43... c4 $19 44. Rc1 d5 45. Kf2 Kd6 46. h4 Kc5 47. h5 e4 48. Rb1 e3+ 49. Kf3 d4 50. b6 e2 0-1

[Event "15th Chennai GM Open 2025"]
[Site "Chennai"]
[Date "2025.01.08"]
[Round "9.3"]
[White "Shahil Dey"]
[Black "Mayank Chakraborty"]
[Result "1/2-1/2"]
[ECO "A06"]
[WhiteElo "2374"]
[BlackElo "2457"]
[Annotator "TA"]
[PlyCount "106"]
[EventDate "2025.01.02"]
[EventType "swiss"]
[EventCountry "IND"]
[SourceTitle "playchess.com"]
[Source "ChessBase"]
[SourceQuality "1"]
[TimeControl "5400+30"]

1. Nf3 Nf6 2. b3 d5 3. Bb2 Bf5 4. Nh4 Bd7 5. g3 c5 6. Bg2 Bc6 7. O-O e6 8. Nf3 Nbd7 9. c4 Rc8 10. cxd5 Nxd5 11. d4 N5f6 12. Nc3 cxd4 13. Nxd4 Bxg2 14. Kxg2 Bb4 15. Rc1 Qa5 16. Ndb5 (16. Ne4 {feels hotter.} O-O 17. Nf3 Nxe4 18. Qxd7 Rxc1 19. Rxc1 Qxa2 20. Bxg7 Qxe2 21. Bd4) 16... O-O 17. a3 Be7 18. Qd4 a6 19. Nd6 Rc6 20. Nce4 Bxd6 (20... Nb8 $11) 21. Nxd6 Qb6 22. Rxc6 Qxc6+ 23. Kg1 Qc2 24. Nxb7 Qxb3 25. Na5 Qc2 26. Re1 e5 27. Qc3 Rc8 28. Qxc2 Rxc2 29. Ba1 Kf8 30. f3 Ke7 31. Kf2 e4 32. Rb1 exf3 33. Kxf3 Rc5 34. Nb3 Rf5+ 35. Kg2 Rb5 36. Kf3 {[%emt 0:00:57] [#]} (36. Nd2 $11 {remains equal.}) 36... Nc5 $1 $17 37. Nd2 Nfe4 $1 38. Rd1 Nxd2+ 39. Rxd2 Nb3 $1 40. Rd1 Nxa1 41. Rxa1 Rb3+ 42. Ke4 a5 43. e3 a4 44. Ra2 h5 45. h4 g6 46. Ra1 Kd6 47. Rd1+ Kc6 (47... Ke6 $17 48. Ra1 Kd7) 48. Rd3 $2 (48. Rf1 $1 $11 {and White has nothing to worry.}) 48... f5+ $2 (48... Rxd3 $19 49. Kxd3 Kd5 50. e4+ Kc5) 49. Kd4 $11 Rxd3+ 50. Kxd3 Kd5 51. Kd2 $1 Kd6 (51... Ke4 $5 52. Ke2 $8 Kd5 $11) 52. Kc3 Kc5 53. Kd3 Kd5 1/2-1/2

[Event "15th Chennai GM Open 2025"]
[Site "Chennai"]
[Date "2025.01.08"]
[Round "9.4"]
[White "Das, Sayantan"]
[Black "Venkatesh, M.R."]
[Result "0-1"]
[ECO "C71"]
[WhiteElo "2434"]
[BlackElo "2362"]
[Annotator "TA"]
[PlyCount "92"]
[EventDate "2025.01.02"]
[EventType "swiss"]
[EventCountry "IND"]
[SourceTitle "playchess.com"]
[Source "ChessBase"]
[SourceQuality "1"]
[TimeControl "5400+30"]

1. e4 e5 2. Nf3 Nc6 3. Bb5 a6 4. Ba4 d6 5. c4 Bg4 6. d3 Nf6 7. Be3 g6 8. h3 Bxf3 9. Qxf3 Bg7 10. Nc3 O-O 11. Bxc6 bxc6 12. g4 Rb8 13. O-O-O Nd7 14. h4 h6 15. Ne2 d5 16. Ng3 (16. exd5 Rxb2 17. Rd2 e4 18. Qxe4 Re8 $17) (16. Kb1 $11) 16... Qe7 $15 (16... Rb7 {looks sharper.} 17. Kc2 Qe7 18. h5 Qb4) 17. Qe2 (17. exd5 Rxb2 18. Rd2 Rfb8 $17) (17. cxd5 $15 cxd5 18. Kb1 (18. exd5 Rxb2 19. Rd2 Rb4 $17)) 17... d4 $19 18. Bd2 Nc5 19. Kc2 Na4 $1 20. Rb1 Rb7 $1 21. Qe1 {[%emt 0:01:38] [#]} a5 $2 (21... Rfb8 $1 $19 22. Bc1 Nc3) 22. Ne2 $2 {[%emt 0:01:59] [#]} ({White should play} 22. Qc1 $1 $15) 22... Nxb2 $1 23. Rxb2 Rxb2+ 24. Kxb2 Rb8+ 25. Ka1 Qa3 26. Qc1 {[%emt 0:01:36] Dodges Qb2+} (26. Bc3 $142) 26... Qxd3 27. Ng3 Bf8 $1 28. c5 (28. Bxh6 $2 Bb4 $19 (28... Bxh6 $2 29. Rd1 $19)) (28. Bxa5 Ba3 29. Qd2 Bb2+ (29... Qxc4 30. Rb1 $17) 30. Qxb2 Rxb2 31. Kxb2 Qxc4 $19) 28... Rb5 (28... Bxc5 $1 $19 {Threatens to win with ...Ba3.} 29. Qxc5 Qxd2) 29. Rd1 $17 {[%emt 0:01:39][%cal Od2e3] [#] And now Be3! would win.} Rxc5 {[%emt 0:02:04] Black is much more active.} (29... Bxc5 30. Be3 (30. Bxh6 $2 Qf3 $19) 30... Qa3 31. Qxa3 (31. Bxh6 $2 Qf3 $19) 31... Bxa3 32. Bc1 $14 (32. Bxh6 Bb2+ 33. Kb1 Ba3+ 34. Ka1 Bb2+ 35. Kb1 Ba3+ 36. Ka1 $11)) (29... Qf3 $1 $17 30. Be1 Qxg4 (30... Rxc5 31. Qb1 $17) (30... Bxc5 31. Qc2 $11)) 30. Qb1 $1 $36 {[%emt 0:00:36][%mdl 2048] White is more active.} Qf3 $1 31. Qb3 Qxg4 (31... Qxf2 32. Rf1 a4 33. Rxf2 $18) 32. Rh1 (32. a4 $1 $11 {keeps the balance.}) 32... Rb5 $17 33. Qd3 (33. Qc4 $17) 33... h5 $19 34. Rc1 {[%emt 0:01:00] [#]} Bb4 $1 (34... Qxh4 35. Rxc6 Rc5 36. Rxc5 Bxc5 37. Bxa5) 35. Bxb4 Rxb4 36. Rxc6 Qf4 37. Rc2 c5 ({But not} 37... Qxh4 38. Rxc7 Qf4 39. Rc2 $19) 38. Qd2 $2 (38. Rxc5 Qxf2 (38... Qxh4 39. Rxe5 Qh2 40. Re8+ Kh7 41. a3 $17) 39. Ne2) 38... c4 (38... Qxh4 $2 39. Rxc5 Qg4 40. Rxa5 $19) 39. Qxf4 exf4 {[%emt 0:00:03][%mdl 4096] Endgame KRN-KR} 40. Nf1 c3 {[%emt 0:00:26] Prevents Nd2.} 41. f3 Kg7 42. a3 Rc4 43. Kb1 d3 44. Rg2 Kf6 (44... c2+ $142 45. Kc1 Rc3) 45. Rg5 d2 46. Kc2 Rd4 {[%emt 0:00:04] Dodges Rd5} ({Less strong is} 46... d1=R 47. Kxd1 Ra4 48. Kc2 Rxa3 49. Kb1 $15) 0-1

[Event "15th Chennai GM Open 2025"]
[Site "Chennai"]
[Date "2025.01.08"]
[Round "9.5"]
[White "Vaz, Ethan"]
[Black "Mohamed Anees M"]
[Result "1-0"]
[ECO "C41"]
[WhiteElo "2412"]
[BlackElo "2334"]
[Annotator "TA"]
[PlyCount "79"]
[EventDate "2025.01.02"]
[EventType "swiss"]
[EventCountry "IND"]
[SourceTitle "playchess.com"]
[Source "ChessBase"]
[SourceQuality "1"]
[TimeControl "5400+30"]

1. e4 d6 2. d4 Nf6 3. Nc3 e5 4. Nf3 Nbd7 5. Bc4 Be7 6. O-O O-O 7. a4 c6 8. Re1 h6 9. Ba2 Re8 10. h3 Bf8 11. Be3 b6 12. Qd3 Bb7 13. Rad1 (13. a5 {keeps more tension.} exd4 14. Bxd4 bxa5 15. Qc4) 13... Qc8 (13... Qe7 $11) 14. Qd2 ({White should play} 14. Bc1 $16) 14... a6 {[%emt 0:06:01] [#]} (14... b5 $11 {keeps the balance.}) 15. dxe5 $1 $16 dxe5 16. Nh4 {[%emt 0:01:50][%cal Bf3h4,Bh4f5,Bf5h6][%mdl 32] White is much more active.} b5 (16... c5 $16) 17. Nf5 $18 c5 {[%emt 0:09:39][%cal Bc6c5,Bc5c4][%mdl 32] [#]} 18. Bxh6 $1 gxh6 19. Nxh6+ (19. axb5 c4 $11) 19... Kh7 20. Nf5 (20. Nxf7 c4 $16) 20... c4 21. Qg5 {[%emt 0:02:27] Re3 would now be deadly.} ({But not} 21. axb5 $6 Kh8 $16) 21... Re6 22. Re3 (22. axb5 Kh8 $16) 22... Nxe4 $2 (22... Ng8 23. Qh5+ (23. axb5 Rg6 $16) 23... Nh6 24. Nxh6 (24. axb5 Nf6 $11) 24... Nf6 25. Qxf7+ Kxh6) 23. Nxe4 {[%emt 0:02:05] Qh5+ would kill now.} Rg6 24. Qh4+ Kg8 25. Ne7+ Bxe7 26. Qxe7 $40 {[%emt 0:00:02][%mdl 128] White has strong attack.} Bxe4 $2 (26... Bc6 27. Ng3 Qb7) 27. Rxd7 (27. Qxd7 Qxd7 (27... Bxc2 28. Qxc8+ Rxc8 29. Rc1 $14) (27... Bxg2 28. Kh2 $15) (27... Rxg2+ 28. Kf1 $11) 28. Rxd7 Bxg2 $15 (28... Rxg2+ 29. Kf1 $14)) ({Less strong is} 27. Rxe4 Nf6 28. Re3 (28. Rxe5 Qxh3 29. Qb7 Ra7 $11) 28... Qc6 $18) 27... Rxg2+ 28. Kf1 Rg7 29. Rxe4 Qc6 30. Rd8+ Rxd8 31. Qxd8+ Kh7 32. Qh4+ Kg8 33. Rxe5 Qd7 {[%emt 0:00:52] Inhibits Qd8+.} 34. Ke2 {[%emt 0:00:35] Wards off Qd1+} Rg6 35. Bb1 c3 36. bxc3 bxa4 37. Ba2 Qc6 38. Qd8+ Kg7 39. Qd4 (39. Bxf7 $142 Rg1 40. Bd5 (40. Qg8+ Kf6 $18) 40... Re1+ 41. Kd2 (41. Kxe1 Qxc3+ 42. Kf1 Qxe5 $18) 41... Rxe5 42. Qg8+ (42. Bxc6 Rf5 $18) 42... Kf6 43. Qf7+ (43. Bxc6 a5 $18) 43... Kg5 44. Bxc6) 39... Kg8 40. Rh5 1-0